 Dungeon Crawl Stone Soup version 0.31-a0-1612-g4aaf141004 (webtiles) character file.

Game seed: 9542659422262245707

0 Jannitor the Conjurer (level 1, 0/17 HPs)
             Began as a Draconian Reaver on Jan 9, 2024.
             Slain by a gnoll
             ... wielding a +0 whip
              (4 damage)
             ... on level 1 of the Dungeon.
             The game lasted 00:00:14 (35 turns).

Jannitor the Conjurer (Draconian Reaver)              Turns: 35, Time: 00:00:15

Health: 0/17       AC:  4    Str: 14    XL:     1   Next: 8%
Magic:  3/3        EV: 12    Int: 13    God:
Gold:   0          SH:  0    Dex:  9    Spells: 3/4 levels left

rFire   . . .        a - +0 falchion
rCold   . . .        (no shield)
rNeg    . . .        (body armour unavailable)
rPois   .            (helmet restricted)
rElec   .            (no cloak)
rCorr   .            (no gloves)
SInv    .            (no boots)
Will    .....        (no amulet)
Stlth   +            (no ring)
HPRegen 0.22/turn    (no ring)
MPRegen 0.08/turn

%: no passive effects
@: no status effects
A: AC +4, unfitting armour, cold-blooded
a: no special abilities


You were on level 1 of the Dungeon.
You visited 1 branch of the dungeon, and saw 1 of its levels.

Inventory:

Hand Weapons
 a - a +0 falchion (weapon)


   Skills:
 + Level 2.2 Fighting
 + Level 3.0 Long Blades
 + Level 1.7 Dodging
 + Level 2.0 Spellcasting
 + Level 3.0 Conjurations


You had 3 spell levels left.
You knew the following spells:

 Your Spells              Type           Power      Damage    Failure   Level
a - Kiss of Death         Conj/Necr      20%        2d7       14%         1

Your spell library contained the following spells:

 Spells                   Type           Power      Damage    Failure   Level
 Momentum Strike          Conj/Tloc      10%        3d8       21%         2
 Hailstorm                Conj/Ice       5%         3d5       38%         3


Dungeon Overview and Level Annotations

Branches:
Dungeon (1/15)

Altars:


Innate Abilities, Weirdness & Mutations

Your plain brown scales are hard. (AC +4)
You cannot fit into any form of body armour.
You are cold-blooded and may be slowed by cold attacks.


Message History

Found a dagger.
There is an escape hatch in the floor here.
There is a transporter here.
You enter the transporter and appear at another place.
Found 10 gold pieces.
A ball python is nearby!
A ball python is nearby!
A ball python is nearby!
No reachable target in view!
There is a staircase leading out of the dungeon here.
There is a transporter here.
You enter the transporter and appear at another place.
The ball python barely misses you. The ball python grabs you.
The ball python constricts you.
You hit the ball python.
You kill the ball python!
No target in view!
No target in view!
A gnoll comes into view. It is wielding a +0 whip.
A gnoll is nearby!
The gnoll misses you.
You closely miss the gnoll.
Your tail-slap misses the gnoll.
The gnoll hits you with a +0 whip.
You barely miss the gnoll. Your punch misses the gnoll.
The gnoll closely misses you.
You hit the gnoll but do no damage. The gnoll hits you with a +0 whip.
You barely miss the gnoll. The gnoll hits you with a +0 whip!
* * * LOW HITPOINT WARNING * * *
You are too injured to fight recklessly!
You are too injured to fight recklessly!
The gnoll attacks as it pursues you! The gnoll hits you with a +0 whip.
* * * LOW HITPOINT WARNING * * *
You aren't carrying any potions.
Unknown command.
Unknown command.
Why would you want to do that?
There is a transporter here.
You enter the transporter and appear at another place.
The gnoll hits you with a +0 whip.
You die...

.........#####.#
#....$[...≈≈≈≈≈≈≈≈##.#
.......≈≈~≈≈≈~≈≈≈≈≈#.#
...~≈≈≈≈≈≈≈~.~≈≈≈≈#.#
##~≈≈≈≈≈≈≈~.§.~.≈≈#.#
#~≈≈≈≈≈≈≈≈~⌠>..≈.≈#.#
#≈≈≈≈≈~~≈≈~†©.~≈≈...#
#.#≈≈≈~~g~≈≈≈~.~≈≈≈≈..###
#...≈≈~.@.~≈≈~~~≈≈≈~.....
##~.≈..<⌠~≈≈≈≈≈≈≈≈≈..###
#≈≈.~.©.~≈≈≈≈≈≈≈≈#..#
#~≈≈≈~.~~≈≈≈≈≈≈≈......
#≈≈≈≈≈~~≈≈≈≈≈..###..#.
##≈≈≈≈≈≈≈~...... ...#.#
#########..#. .#..# ..#
.#.. .#


You could see a gnoll.

Vanquished Creatures
  A ball python (D:1)
1 creature vanquished.

Notes
Turn   | Place    | Note
-------+----------+-------------------------------------------
     0 | D:1      | Jannitor the Draconian Reaver began the quest for the Orb.
     0 | D:1      | Reached XP level 1. HP: 17/17 MP: 3/3
    35 | D:1      | Slain by a gnoll

Illustrated notes

Levels and vault maps discovered:
D:1:      spicycebolla_arrival_transporter_tutorial, layout_loops_ring,
          minmay_crystal_room, minmay_tripent

Action                     || total
---------------------------++-------
  Melee: Falchion          ||     5
 Armour: Skin              ||     5
  Dodge: Dodged            ||     3

Table legend: (Time is in decaauts)
 A = Elapsed time spent in this place.
 B = Non-inter-level travel time spent in this place.
 C = Inter-level travel time spent in this place.
 D = Time resting spent in this place.
 E = Time spent auto-exploring this place.
 F = Levels seen in this place.
 G = Mean time per level.
                   A        B        C        D        E       F      G
               +--------+--------+--------+--------+--------+-----+--------+
         Total |     35 |     35 |      0 |      0 |      8 |   1 |   35.0 |
       Dungeon |     35 |     35 |      0 |      0 |      8 |   1 |   35.0 |
               +--------+--------+--------+--------+--------+-----+--------+

Top non-repeatable levels by time:
     D:1: 35 daAuts
